 Dungeon Crawl Stone Soup version 0.29-a0-275-g389c0b56f3 (webtiles) character file.

Game seed: 14259446669006026544

17580 testman the Impaler (level 12, -2/80 HPs)
             Began as a Merfolk Ice Elementalist on Mar 11, 2022.
             Was a High Priest of Hepliaklqana.
             Killed from afar by Fannar (36 damage)
             ... with a bolt of cold
             ... on level 12 of the Dungeon.
             The game lasted 01:14:50 (11621 turns).

testman the Impaler (Merfolk Ice Elementalist)     Turns: 11621, Time: 01:14:51

Health: -2/80      AC:  8    Str: 11    XL:     12   Next: 49%
Magic:  19/19      EV: 11    Int: 17    God:    Hepliaklqana [*****.]
Gold:   719        SH:  0    Dex: 14    Spells: 10/21 levels left

rFire   + . .      SeeInvis .   c - +12 glaive of Prune {vorpal}
rCold   x . .      Faith    .   (shield currently unavailable)
rNeg    . . .      Spirit   .   F - +0 acid dragon scales
rPois   +          Reflect  .   (no helmet)
rElec   +          Harm     .   v - scarf {repulsion}
rCorr   +          Rampage  .   Q - +1 pair of gloves
Will    .....                   (no boots)
Stlth   ++........              K - amulet of magic regeneration
HPRegen 0.23/turn               z - ring of poison resistance
MPRegen 0.56/turn               C - ring "Oduzo" {Fire rElec rPois Slay+2}

@: about to teleport, repel missiles
A: reduced essence, (nimble swimmer 2), mertail
a: Renounce Religion, Recall Ancestor, Ancestor Identity, Transference, Idealise


You were on level 12 of the Dungeon.
You worshipped Hepliaklqana.
Hepliaklqana was extremely pleased with you.
You visited 1 branch of the dungeon, and saw 12 of its levels.
You also visited: Sewer.

You collected 719 gold pieces.

Inventory:

Hand Weapons
 c - the +12 glaive of Prune (weapon) {vorpal}
   (You acquired it on level 3 of the Dungeon)

   It inflicts extra damage upon your enemies.
   It halves damage taken while paralysed, petrified or unconscious.
 x - a +0 hunting sling
 M - the +4 halberd of Qienneod {flame, rPois rC+ rN+}
   (You found it on level 10 of the Dungeon)

   It burns those it strikes, dealing additional fire damage.
   Big, fiery blades are also staple armaments of hydra-hunters.
   rC:        It protects you from cold.
   rPois:     It protects you from poison.
   rN:        It protects you from negative energy.
Missiles
 h - 51 poisoned darts
 I - 11 boomerangs
 J - 7 curare-tipped darts
 L - 3 throwing nets
Armour
 s - a +0 cloak
 u - a +1 troll leather armour {Pargi}
 v - a scarf of repulsion (worn)
 B - +0 pearl dragon scales
 F - +0 acid dragon scales (worn)
 Q - a +1 pair of gloves (worn)
Jewellery
 z - a ring of poison resistance (left hand)
 C - the ring "Oduzo" (right hand) {Fire rElec rPois Slay+2}
   (You found it on level 5 of the Dungeon)

   [ring of fire]

   It enhances your fire magic.
   Slay:      It affects your accuracy & damage with ranged weapons and melee
   (+2).
   rF:        It protects you from fire.
   rC:        It makes you vulnerable to cold.
   rElec:     It insulates you from electricity.
   rPois:     It protects you from poison.
 K - an amulet of magic regeneration (around neck)
Wands
 i - a wand of mindburst (6)
 q - a wand of charming (12)
 w - a wand of paralysis (9)
Scrolls
 a - 3 scrolls of teleportation
 f - a scroll of torment
 g - 4 scrolls of fog
 l - 2 scrolls of vulnerability
 p - 3 scrolls of fear
 r - a scroll of summoning {unknown}
 t - a scroll of amnesia {unknown}
 y - 2 scrolls of magic mapping {unknown}
 H - 2 scrolls of immolation
 O - a scroll of enchant weapon {unknown}
Potions
 b - 2 potions of magic
 d - 5 potions of flight
 e - a potion of resistance
 j - 2 potions of heal wounds
 k - 2 potions of curing
 m - a potion of invisibility
 n - a potion of lignification
 o - 2 potions of might
 A - 2 potions of ambrosia
 D - 4 potions of attraction
 E - 2 potions of cancellation
Miscellaneous
 N - a piece from Xom's chessboard (15/15)
 P - a phial of floods


   Skills:
 + Level 6.5 Fighting
 + Level 16.9 Polearms
 - Level 2.6 Dodging
 - Level 2.1 Stealth
 - Level 5.0 Spellcasting
 - Level 7.2 Conjurations
 - Level 9.0 Ice Magic
 + Level 6.4 Invocations
 + Level 2.6 Evocations


You had 10 spell levels left.
You knew the following spells:

 Your Spells              Type           Power      Damage    Failure   Level
a - Freeze                Ice            100%       1d11      1%          1
b - Frozen Ramparts       Ice            68%        1d8       1%          3
c - Ozocubu's Armour      Ice            34%        N/A       1%          3
d - Hailstorm             Conj/Ice       31%        3d8       8%          4

Your spell library contained the following spells:

 Spells                   Type           Power      Damage    Failure   Level
 Summon Small Mammal      Summ           16%        N/A       22%         1
 Call Canine Familiar     Summ           4%         N/A       54%         3
 Summon Guardian Golem    Hex/Summ       4%         N/A       54%         3
 Leda's Liquefaction      Hex/Erth       2%         N/A       91%         4
 Lee's Rapid Deconstruct  Erth           2%         3d5*      99%         5
 Statue Form              Tmut/Erth      2%         N/A       100%        6


Dungeon Overview and Level Annotations

Branches:
Dungeon (12/15)            Temple (0/1) D:6            Lair (0/6) D:8
    Orc (0/2) D:11          Sewer (visited)

Altars:
Cheibriados
Elyvilon
Hepliaklqana
Makhleb
Nemelex Xobeh
Okawaru
Qazlal
Xom
Yredelemnul
The Shining One

Shops:
D:2 =

Annotations:
D:12 Fannar


Innate Abilities, Weirdness & Mutations

Your life essence is reduced to manifest your ancestor. (-10% HP)
((You are very nimble when in or above water. (Stealth+, EV+, Speed+++)))
Your lower body shifts to a powerful aquatic tail in water.


Message History

[Y]es or [N]o only, please.
Your frozen ramparts will break if you move.
Continue?
Okay, then.
You hit something.
The wall freezes something but does no damage.
The shadow strikes at you from the darkness!
Reactivating autopickup.
You slice the shadow!!
You destroy the shadow!
Magic restored.
The frozen ramparts melt away.
You swap places.
Fannar the Cold-Hearted comes into view.
They are wielding a +0 quarterstaff of freezing and wearing a +1 robe of cold resistance.
Fannar gestures wildly while chanting.
Fannar drains the heat from the surrounding environment!
You feel a terrible chill!
Fannar gestures wildly while chanting.
Fannar drains the heat from the surrounding environment!
You feel a terrible chill!
Ouch! That really hurt!
* * * LOW HITPOINT WARNING * * *
Cashile is frozen.
Cashile resists.
Okay, then.
Press: ? - help, v - describe, . - travel
Here: Fannar, wielding a +0 quarterstaff of freezing, wearing a +1 robe of cold resistance and wearing a ring of ice The floor.
Aiming: Paralyse
Press: ? - help, Shift-Dir - straight line, f - Fannar
Aim: Fannar, wielding a +0 quarterstaff of freezing, wearing a +1 robe of cold resistance and wearing a ring of ice (chance to affect: 11%)
Okay, then.
Unknown command.
You feel much better.
Fannar casts a spell.
Okay, then.
As you read the scroll of teleportation, it crumbles to dust.
You feel strangely unstable. Fannar gestures at you while chanting.
The bolt of cold hits you!!!
You feel a terrible chill!
You die...

###### ....#
#..#
#.############
#............#
##R##########.#
#@Y# #.#
#...e..# #.#
#.######
##.#### #......
#..#### #######
#...### #.....#
#.#..## #.....#
#....## #.....#
#....##


You could see the friendly Cashile the knight, Fannar and an ice beast
(summoned).

Vanquished Creatures
  The ghost of Bediveer the Slicer, a journeyman KoBr of Dithmenos (D:11)
  An ogre mage (D:10)
  A hydra (D:10)
  Harold (D:10)
  A dancing weapon (D:11)
  Nergalle (D:10)
  The ghost of Patoropollo the Skirmisher, a novice OgBe of Trog (D:5)
  A cyclops (D:10)
  3 trolls
  2 dream sheep (D:10)
  2 shadows
  A vampire (D:12)
  2 wyverns
  8 yaks (D:6)
  A wraith (D:12)
  Eustachio (D:5)
  A basilisk (D:10)
  2 vampire mosquitoes (D:11)
  2 acid dragons
  2 water moccasins
  Duvessa (D:5)
  Pargi (D:4)
  3 ice beasts
  2 orc warriors
  A sky beast (D:5)
  3 black bears
  3 ogres
  3 centaurs
  4 kobold brigands
  4 bullfrogs
  Blork the orc (D:4)
  A gnoll sergeant (D:8)
  A necrophage (D:5)
  A scorpion (D:5)
  4 wights
  Dowan (D:5)
  2 killer bees (D:9)
  3 howler monkeys (D:9)
  2 jellies (D:5)
  7 orc priests
  A hound (D:7)
  2 gnoll shamans
  4 iguanas
  12 orc wizards
  A scorpion simulacrum (D:5)
  10 gnolls
  13 adders
  2 hound simulacra (D:5)
  2 shadow imps (D:6)
  2 white imps
  3 ufetubi
  2 worms
  2 dart slugs (D:4)
  30 orcs
  3 ball pythons
  6 endoplasms
  6 giant cockroaches
  13 goblins
  8 hobgoblins
  5 jackals
  A quokka (D:4)
  4 bats
  5 frilled lizards
  5 kobolds
  9 rats
234 creatures vanquished.

Vanquished Creatures (collateral kills)
  A hydra (D:11)
  2 two-headed ogres
  A deep elf pyromancer (D:8)
  A cyclops (D:11)
  A kobold demonologist (D:11)
  A troll (D:9)
  A vampire (D:11)
  A wraith (D:11)
  A wyvern (D:8)
  5 yaks
  A water moccasin (D:5)
  2 acid dragons
  An orc warrior (D:7)
  A swamp drake (D:11)
  An ice beast (D:8)
  A kobold brigand (D:10)
  A scorpion (D:5)
  3 wights
  2 killer bees (D:9)
  A howler monkey (D:9)
  A crimson imp (D:6)
  2 orc priests
  A gnoll shaman (D:7)
  2 hounds
  An iguana (D:6)
  2 orc wizards
  4 gnolls
  A hound simulacrum (D:5)
  4 orcs
  5 kobolds (D:8)
52 creatures vanquished.

Vanquished Creatures (others)
  A boulder beetle (D:11)
  A centaur warrior (D:11)
  A cyclops (D:11)
  A komodo dragon (D:11)
  A troll (D:11)
  A kobold brigand (D:11)
  A knight (D:11)
  2 ancestors
  4 fungi (D:8)
  5 plants
18 creatures vanquished.

Grand Total: 304 creatures vanquished

Notes
Turn   | Place    | Note
-------+----------+-------------------------------------------
     0 | D:1      | testman the Merfolk Ice Elementalist began the quest for
                  | the Orb.
     0 | D:1      | Reached XP level 1. HP: 13/13 MP: 3/3
   168 | D:1      | Reached XP level 2. HP: 11/19 MP: 1/5
   593 | D:1      | You fall into a shaft and drop 1 floor!
   665 | D:2      | Found Pymynk's Jewellery Shop.
   673 | D:2      | Reached skill level 5 in Ice Magic
   673 | D:2      | Reached XP level 3. HP: 19/24 MP: 5/7
   800 | D:2      | Learned a level 3 spell: Frozen Ramparts
   804 | D:2      | Learned a level 3 spell: Ozocubu's Armour
  1012 | D:2      | Identified the +8 flail "Boycraoc" {vorpal, Int+2}
  1475 | D:2      | Reached XP level 4. HP: 16/30 MP: 4/8
  1898 | D:3      | Identified a scroll of acquirement
  1903 | D:3      | Acquired the +12 glaive of Prune {vorpal}
  1903 | D:3      | Found the +12 glaive of Prune {vorpal}
  1948 | D:3      | Found a glowing drain.
  1965 | D:3      | Reached skill level 1 in Polearms
  1993 | Sewer    | Entered a sewer
  2140 | Sewer    | Noticed a water moccasin
  2151 | Sewer    | Killed a water moccasin
  2152 | Sewer    | Reached skill level 2 in Polearms
  2152 | Sewer    | Reached XP level 5. HP: 35/35 MP: 4/10
  2275 | D:3      | Reached XP level 6. HP: 41/41 MP: 5/11
  2373 | D:3      | Found a white marble altar of Elyvilon.
  2507 | D:3      | Reached skill level 3 in Polearms
  2563 | D:3      | Found a faded altar of an unknown god.
  3666 | D:4      | Reached skill level 4 in Polearms
  3666 | D:4      | Reached XP level 7. HP: 39/46 MP: 6/13
  3669 | D:4      | Noticed Pargi
  3678 | D:4      | Killed Pargi
  3775 | D:4      | Learned a level 4 spell: Hailstorm
  3783 | D:4      | Found a hazy altar of Hepliaklqana.
  3797 | D:4      | Became a worshipper of Hepliaklqana the Forgotten
  3817 | D:4      | Noticed Blork the orc
  3824 | D:4      | Killed Blork the orc
  3825 | D:4      | Reached skill level 5 in Polearms
  4009 | D:4      | Reached skill level 5 in Spellcasting
  4068 | D:4      | Paralysed by a goblin for 4 turns
  4090 | D:4      | Reached skill level 1 in Conjurations
  4249 | D:5      | Entered Level 5 of the Dungeon
  4258 | D:5      | Reached XP level 8. HP: 45/52 MP: 9/15
  4310 | D:5      | Reached skill level 6 in Polearms
  4439 | D:5      | Found a runed translucent gate.
  4439 | D:5      | Found a runed translucent gate.
  4439 | D:5      | Found a runed translucent gate.
  4487 | D:5      | Found a glowing golden altar of the Shining One.
  4605 | D:5      | Noticed Duvessa
  4606 | D:5      | Noticed Dowan
  4609 | D:5      | Killed Duvessa
  4610 | D:5      | Reached skill level 7 in Polearms
  4610 | D:5      | Killed Dowan
  4648 | D:5      | Reached * piety under Hepliaklqana
  5029 | D:5      | Reached skill level 8 in Polearms
  5138 | D:5      | Noticed Patoropollo's ghost (novice OgBe)
  5246 | D:5      | Noticed Eustachio
  5258 | D:5      | Killed Eustachio
  5259 | D:5      | Reached XP level 9. HP: 51/51 MP: 9/16
  5340 | D:5      | Reached skill level 9 in Polearms
  5472 | D:5      | Killed Patoropollo's ghost
  5473 | D:5      | Reached skill level 5 in Conjurations
  5475 | D:5      | Reached skill level 10 in Polearms
  5556 | D:5      | Identified the ring "Oduzo" {Fire rElec rPois Slay+2}
  5643 | D:6      | Reached skill level 11 in Polearms
  5648 | D:6      | Reached XP level 10. HP: 48/56 MP: 10/17
  5892 | D:6      | Reached ** piety under Hepliaklqana
  5893 | D:6      | Remembered your ancestor Cashile as a knight
  6015 | D:6      | Reached skill level 12 in Polearms
  6018 | D:6      | Found a staircase to the Ecumenical Temple.
  6379 | D:7      | Found a basalt altar of Yredelemnul.
  7199 | D:8      | Identified the +4 chain mail of Vaadaimn {rF+ rC+ Will+}
  7289 | D:8      | Reached *** piety under Hepliaklqana
  7355 | D:8      | Found a staircase to the Lair.
  7413 | D:8      | Reached skill level 13 in Polearms
  7587 | D:8      | Noticed a deep elf pyromancer
  7594 | D:8      | Killed a deep elf pyromancer
  7715 | D:8      | Found a stormy altar of Qazlal.
  7715 | D:8      | Found a sparkling altar of Nemelex Xobeh.
  7950 | D:9      | Reached XP level 11. HP: 61/61 MP: 18/18
  8093 | D:9      | Reached skill level 14 in Polearms
  8185 | D:9      | Found an iron altar of Okawaru.
  8532 | D:9      | Found a burning altar of Makhleb.
  8626 | D:9      | Noticed a two-headed ogre
  8633 | D:9      | Killed a two-headed ogre
  8634 | D:9      | Reached skill level 15 in Polearms
  8635 | D:9      | Reached **** piety under Hepliaklqana
  8670 | D:10     | Entered Level 10 of the Dungeon
  8737 | D:10     | Noticed a cyclops
  8749 | D:10     | Killed a cyclops
  8750 | D:10     | Reached skill level 1 in Fighting
  8750 | D:10     | Reached skill level 1 in Invocations
  8805 | D:10     | Noticed Harold
  8814 | D:10     | Killed Harold
  9075 | D:10     | Noticed a three-headed hydra
  9081 | D:10     | Killed a three-headed hydra
  9085 | D:10     | Identified the +4 halberd of Qienneod {flame, rPois rC+
                  | rN+}
  9174 | D:10     | Noticed an ogre mage
  9196 | D:10     | Killed an ogre mage
  9331 | D:10     | Noticed Nergalle
  9341 | D:10     | Killed Nergalle
  9342 | D:10     | Reached skill level 16 in Polearms
  9480 | D:10     | Found a snail-covered altar of Cheibriados.
  9536 | D:10     | Identified the +5 rapier of Huduwum {holy, rPois rF- rC++
                  | Dex+3}
  9579 | D:11     | Found a runed translucent door.
  9588 | D:11     | Found a shimmering altar of Xom.
  9588 | D:11     | Noticed Bediveer's ghost (journeyman KoBr)
  9589 | D:11     | Noticed a +1 dire flail of chaos
  9733 | D:11     | Found a shimmering altar of Xom.
  9735 | D:11     | Noticed an eight-headed hydra
  9735 | D:11     | Noticed a cyclops
  9735 | D:11     | Noticed a centaur warrior
  9736 | D:11     | Noticed a boulder beetle
  9747 | D:11     | Killed a centaur warrior
  9748 | D:11     | Killed a boulder beetle
  9765 | D:11     | Killed a cyclops
  9819 | D:11     | Killed an eight-headed hydra
  9820 | D:11     | Reached skill level 5 in Fighting
  9820 | D:11     | Reached skill level 5 in Invocations
  9820 | D:11     | Reached XP level 12. HP: 77/77 MP: 13/19
 10321 | D:11     | Found a staircase to the Orcish Mines.
 10794 | D:11     | Reached skill level 1 in Evocations
 10798 | D:11     | Killed Bediveer's ghost
 11014 | D:12     | Reached ***** piety under Hepliaklqana
 11204 | D:12     | Noticed a two-headed ogre
 11209 | D:12     | Killed a two-headed ogre
 11616 | D:12     | Noticed Fannar
 11621 | D:12     | Killed from afar by Fannar

Illustrated notes

Levels and vault maps discovered:
D:1:      dpeg_arrival_ratfight, layout_basic
D:2:      layout_loops_cross, serial_shops, nicolae_shop_crystal
D:3:      layout_basic, mainiacjoe_overflow_brackets, gup_sewer_entry_glass,
          shapermc_ecumenical_altar_notcrosses
D:4:      layout_rooms, mainiacjoe_overflow_six_doors_small, uniq_blork_the_orc,
          uniq_pargi
D:5:      layout_loops_corners, tso_metal_star, gammafunk_ghost_icy,
          uniq_duvessa, uniq_eustachio
D:6:      layout_loops_ring, minmay_temple_entry_water_ring,
          minmay_fire_ice_demons
D:7:      layout_basic, mainiacjoe_overflow_cross_hatched, hex_tiny
D:8:      layout_basic, gammafunk_temple_overflow_statue, dpeg_oklobed_lair,
          corexii_hall_statues_deadend
D:9:      layout_loops_ring, kennysheep_okawaru_gauntlet, bloody_makhleb
D:10:     minmay_wavy_crystal, layout_basic, mainiacjoe_overflow_alcove_1,
          hangedman_ranch, uniq_nergalle, uniq_harold
D:11:     layout_basic, erik_orc_1, ebering_ghost_xom, hangedman_glass_teeth,
          xom_confusion_cloud
D:12:     dreamdust_isle_of_ice, layout_loops_cross, uniq_fannar

Skill      XL: |  1  2  3  4  5  6  7  8  9 10 11 12 |
---------------+-------------------------------------+-----
Ice Magic      | 5 6 7 8 9 |  9.0
Spellcasting   | 3 4 5 |  5.0
Polearms       | 2 4 5 8 11 13 16 | 16.9
Conjurations   | 1 4 6 7 |  7.2
Fighting       | 5 6 |  6.5
Invocations    | 5 6 |  6.4
Evocations     | 2 |  2.6
Dodging        | |  2.6
Stealth        | |  2.1

Action                   |  1- 3 |  4- 6 |  7- 9 | 10-12 || total
-------------------------+-------+-------+-------+-------++-------
Melee: Dagger            |    10 |       |       |       ||    10
       Flail             |    14 |     6 |       |       ||    20
       Glaive            |       |    49 |    80 |   218 ||   347
Throw: Dart              |       |       |     4 |       ||     4
       Boomerang         |       |       |     1 |     2 ||     3
 Cast: Freeze            |    19 |       |       |     4 ||    23
       Frozen Ramparts   |     2 |    16 |    24 |    30 ||    72
       Ozocubu's Armour  |       |     8 |    10 |     5 ||    23
       Hailstorm         |       |       |       |     6 ||     6
Invok: Recall Ancestor   |       |       |     1 |     2 ||     3
       Ancestor Life: Kn |       |       |       |     1 ||     1
  Use: Scroll            |       |     9 |       |    13 ||    22
       Potion            |       |       |       |     1 ||     1
 Stab: Sleeping          |     5 |     3 |     3 |     2 ||    13
       Distracted        |       |       |       |     1 ||     1
Armor: Robe              |     6 |     8 |     1 |       ||    15
       Troll leather arm |       |       |    11 |    12 ||    23
       Acid dragon scale |       |       |       |     8 ||     8
Dodge: Dodged            |    21 |    28 |    32 |    52 ||   133
       Repelled          |       |       |       |     2 ||     2

Table legend: (Time is in decaauts)
 A = Elapsed time spent in this place.
 B = Non-inter-level travel time spent in this place.
 C = Inter-level travel time spent in this place.
 D = Time resting spent in this place.
 E = Time spent auto-exploring this place.
 F = Levels seen in this place.
 G = Mean time per level.
                   A        B        C        D        E       F      G
               +--------+--------+--------+--------+--------+-----+--------+
         Total |  11644 |  11332 |    312 |   1973 |   7318 |  13 |  895.7 |
       Dungeon |  11395 |  11083 |    312 |   1834 |   7278 |  12 |  949.6 |
         Sewer |    248 |    248 |      0 |    139 |     39 |   1 |  248.0 |
               +--------+--------+--------+--------+--------+-----+--------+

Top non-repeatable levels by time:
    D:11: 1436 daAuts
     D:5: 1391 daAuts
     D:3: 1250 daAuts
     D:1: 931 daAuts
     D:4: 920 daAuts
     D:2: 916 daAuts
    D:10: 885 daAuts
     D:8: 799 daAuts
     D:9: 774 daAuts
     D:6: 753 daAuts
     D:7: 720 daAuts
    D:12: 615 daAuts
   Sewer: 248 daAuts
